 Dungeon Crawl Stone Soup version 0.32-a0-673-g3729bd50f8 (webtiles) character file.

Game seed: 6682108733211349077

1285 BeKind the Shield-Bearer (level 8, -1/52 HPs)
             Began as an Octopode Fighter on Mar 11, 2024.
             Succumbed to an orc warrior's poison
             ... on level 6 of the Dungeon.
             The game lasted 00:07:27 (5671 turns).

BeKind the Shield-Bearer (Octopode Fighter)         Turns: 5671, Time: 00:07:28

Health: -1/52      AC:  1    Str: 16    XL:     8   Next: 55%
Magic:  13/13      EV: 14    Int: 12    God:
Gold:   291        SH:  6    Dex: 11    Spells: 11/14 levels left

rFire   . . .        a - +0 trident (venom)
rCold   . . .        b - +1 buckler
rNeg    . . .        (helmet restricted)
rPois   .            e - amulet of the acrobat
rElec   .            o - ring of see invisible
rCorr   .            z - ring of willpower
SInv    +            q - ring of willpower
Will    ++...        (no ring)
Stlth   ++           (no ring)
HPRegen 0.28/turn    (no ring)
MPRegen 0.13/turn    (no ring)
                     (no ring)

%: acrobat
@: lethally poisoned (-1 -> -20), about to teleport
A: almost no armour, amphibious, 8 rings, camouflage 1, gelatinous body 1,
(nimble swimmer 1), tentacles
a: no special abilities


You were on level 6 of the Dungeon.
You visited 1 branch of the dungeon, and saw 6 of its levels.

You collected 291 gold pieces.

Inventory:

Hand Weapons
 a - a +0 trident of venom (weapon)
Armour
 b - a +1 buckler (worn)
Jewellery
 e - an amulet of the acrobat (around mantle)
 o - a ring of see invisible (left tentacle)
 q - a ring of willpower (on tentacle)
 z - a ring of willpower (right tentacle)
Scrolls
 c - a scroll of poison {unknown}
 d - 2 scrolls of amnesia
 f - 3 scrolls of teleportation
 h - a scroll of brand weapon
 l - a scroll of enchant armour
 n - a scroll of fear {unknown}
 p - a scroll of revelation {unknown}
 r - a scroll of enchant weapon {unknown}
 s - a scroll of butterflies {unknown}
 u - a scroll of silence {unknown}
 v - a scroll of fog {unknown}
 w - a scroll of identify {unknown}
 y - a scroll of vulnerability {unknown}
Potions
 g - a potion of berserk rage {unknown}
 i - 2 potions of curing {unknown}
 j - a potion of degeneration {unknown}
 k - 3 potions of haste {unknown}
 m - 2 potions of brilliance {unknown}
 t - a potion of mutation {unknown}
 x - 2 potions of might


   Skills:
 - Level 3.2 Fighting
 + Level 5.1 Polearms
 + Level 4.7 Dodging
 + Level 5.5 Shields
 + Level 3.8 Spellcasting
 + Level 4.2 Summonings


You had 11 spell levels left.
You knew the following spells:

 Your Spells              Type           Power      Damage    Failure   Level
a - Summon Small Mammal   Summ           48%        N/A       4%          1
b - Call Imp              Summ           24%        N/A       8%          2

Your spell library contained the following spells:

 Spells                   Type           Power      Damage    Failure   Level
 Call Canine Familiar     Summ           12%        N/A       16%         3
 Magic Dart               Conj           8%         1d3       28%         1
 Summon Ice Beast         Ice/Summ       7%         N/A       36%         3
 Blink                    Tloc           4%         N/A       41%         2
 Sublimation of Blood     Necr           2%         N/A       41%         2
 Hailstorm                Conj/Ice       2%         3d5       65%         3
 Summon Blazeheart Golem  Fire/Summ      7%         N/A       77%         4
 Petrify                  Alch/Erth      2%         N/A       96%         4
 Irradiate                Conj/Alch      1%         3d12      100%        5
 Sculpt Simulacrum        Ice/Alch       1%         N/A       100%        6


Dungeon Overview and Level Annotations

Branches:
Dungeon (6/15)             Temple (0/1) D:6

Altars:
Makhleb
Nemelex Xobeh
Yredelemnul
Zin

Shops:
D:2 (   D:4 !(!(   D:5 :


Innate Abilities, Weirdness & Mutations

You cannot wear most types of armour.
You are amphibious.
You can wear up to eight rings at the same time.
Your skin changes colour to match your surroundings (Stealth+).
Your rubbery body absorbs attacks. (AC +1, EV +1)
((You are camouflaged when in or above water. (Stealth+)))
You have tentacles for arms and can constrict up to eight enemies at once.


Message History

You hit the orc.
The orc is poisoned.
You squeeze the orc.
The orc is severely wounded.
You constrict the orc.
You kill the orc!
You closely miss the orc. You grab the orc. You constrict the orc.
The orc hits you with a +0 dagger.
You hit the orc.
You kill the orc!
The orc warrior misses you.
You reach to attack!
You closely miss the orc warrior.
A nearby plant withers and dies.
The orc warrior hits you from afar with a +0 glaive of venom!
You are poisoned.
You reach to attack!
You closely miss the orc warrior.
You feel very sick.
The orc warrior hits you from afar with a +0 glaive of venom!!
* * * LOW HITPOINT WARNING * * *
You are more poisoned.
You are too injured to fight recklessly!
You are too injured to fight recklessly!
You are too injured to fight recklessly!
You are too injured to fight recklessly!
You are too injured to fight recklessly!
You are too injured to fight recklessly!
You are too injured to fight recklessly!
You are too injured to fight recklessly!
You are too injured to fight recklessly!
You are too injured to fight recklessly!
You are too injured to fight recklessly!
You are too injured to fight recklessly!
You are too injured to fight recklessly!
You are too injured to fight recklessly!
You are too injured to fight recklessly!
You are too injured to fight recklessly!
You are too injured to fight recklessly!
* * * LOW HITPOINT WARNING * * *
You feel very sick.
As you read the scroll of teleportation, it crumbles to dust.
You feel strangely unstable.
You die...

..# ##......## #......##
### ..# ##.........
.........# ..#
#.[##.#...# ###..#####
#.####..##.######...[#
.....##.##........###
.....##.....###### #
.....##..#.##########...
......................P.
.....###)#.#####@.###.#
#.#####....# ##.P#
...#.....##### #.o..>...
...<.........# ##.#...#P
.............# ## .##
....>........# .#
...#.........# ..
...#.........# #
...#.........#


You could see an orc warrior.

Vanquished Creatures
  Sigmund (D:2)
  A sky beast (D:6)
  A black bear (D:5)
  An ogre (D:5)
  A phantom (D:5)
  A weeping skull (D:3)
  A bullfrog (D:6)
  A scorpion (D:5)
  A howler monkey (D:4)
  A bombardier beetle (D:6)
  2 jellies
  An iron imp (D:6)
  Natasha (thrice) (D:3)
  3 iguanas
  An orc wizard (D:4)
  4 adders
  A shadow imp (D:5)
  2 ufetubi (D:6)
  A ribbon worm (D:2)
  2 dart slugs
  15 orcs
  4 bats
  9 endoplasms
  2 giant cockroaches
  7 goblins
  7 hobgoblins
  7 kobolds
  3 quokkas
  8 ball pythons
  A frilled lizard (D:1)
  7 rats
  A spectral orc (D:3)
101 creatures vanquished.

Vanquished Creatures (collateral kills)
  A black bear (D:6)
1 creature vanquished.

Grand Total: 102 creatures vanquished

Notes
Turn   | Place    | Note
-------+----------+-------------------------------------------
     0 | D:1      | BeKind the Octopode Fighter began the quest for the Orb.
     0 | D:1      | Reached XP level 1. HP: 16/16 MP: 1/1
   107 | D:1      | Reached XP level 2. HP: 21/21 MP: 2/2
   180 | D:1      | Learned a level 1 spell: Summon Small Mammal
   614 | D:2      | Reached XP level 3. HP: 23/26 MP: 3/3
   977 | D:2      | Reached skill level 1 in Spellcasting
   977 | D:2      | Reached skill level 1 in Summonings
   977 | D:2      | Reached XP level 4. HP: 30/31 MP: 5/5
  1022 | D:2      | Found Dotzoq's Antique Weapon Shoppe.
  1187 | D:2      | Noticed Sigmund
  1338 | D:3      | Found a basalt altar of Yredelemnul.
  1338 | D:3      | Noticed a weeping skull
  1517 | D:3      | Noticed Natasha
  1522 | D:3      | Killed Natasha
  1715 | D:3      | Noticed Natasha
  1720 | D:3      | Killed Natasha
  1721 | D:3      | Reached XP level 5. HP: 36/36 MP: 7/7
  2128 | D:2      | Killed Sigmund
  2129 | D:2      | Reached XP level 6. HP: 34/42 MP: 7/9
  2162 | D:2      | Learned a level 2 spell: Call Imp
  2400 | D:3      | Noticed Natasha
  2405 | D:3      | Killed Natasha
  2574 | D:4      | Found Wogosik's Distillery.
  2579 | D:4      | Found Poudd's Distillery.
  2583 | D:4      | Found Odwugoigg's Antique Weapon Boutique.
  2587 | D:4      | Found Bet Xyso's Weapon Boutique.
  2594 | D:4      | Reached XP level 7. HP: 30/46 MP: 10/10
  2934 | D:4      | Found a glowing silver altar of Zin.
  3111 | D:4      | Found a sparkling altar of Nemelex Xobeh.
  3229 | D:4      | Found a burning altar of Makhleb.
  3396 | D:5      | Entered Level 5 of the Dungeon
  3991 | D:5      | Reached skill level 5 in Shields
  4112 | D:5      | Found Nasakkes's Book Emporium.
  4244 | D:5      | Reached XP level 8. HP: 35/52 MP: 11/13
  5458 | D:6      | Reached skill level 5 in Polearms
  5659 | D:6      | Found a staircase to the Ecumenical Temple.
  5671 | D:6      | Succumbed to an orc warrior's poison

Illustrated notes

Levels and vault maps discovered:
D:1:      dpeg_arrival_solitude, layout_loops_ring
D:2:      layout_loops_ring, serial_shops, shop, uniq_sigmund
D:3:      layout_rooms, yredelemnul_forgotten_temple_becter, roderic_lattice_a,
          grunt_ministairs_11, uniq_natasha
D:4:      layout_basic, mainiacjoe_overflow_concentric_impassable,
          nemelex_xobeh_ov_fountains_minmay, demons_altar, grunt_decor_fettered,
          minmay_shop_grid_forest, grunt_decor_mini_mirrors
D:5:      layout_basic, serial_shops, shop, kennysheep_generic_room_14
D:6:      layout_rooms, fedhas_bush_and_centaur_altar, general_overflow_altar,
          minmay_temple_entry_gardened_gates, chequers_arboretum

Skill      XL: |  1  2  3  4  5  6  7  8 |
---------------+-------------------------+-----
Spellcasting   | 1 2 3 |  3.8
Summonings     | 1 2 3 4 |  4.2
Polearms       | 3 4 5 |  5.1
Shields        | 4 5 |  5.5
Dodging        | 4 |  4.7
Fighting       | |  3.2

Action                     |  1- 3 |  4- 6 |  7- 9 || total
---------------------------+-------+-------+-------++-------
  Melee: Trident           |    65 |    60 |   106 ||   231
         Constrict         |     8 |    13 |    23 ||    44
         Tentacles         |     7 |    17 |    27 ||    51
   Cast: Call Imp          |       |       |     3 ||     3
    Use: Scroll            |       |     4 |     3 ||     7
         Potion            |       |     1 |       ||     1
   Stab: Sleeping          |     6 |     5 |     7 ||    18
         Distracted        |       |       |     2 ||     2
 Armour: Skin              |    13 |    13 |    26 ||    52
  Dodge: Dodged            |    33 |    21 |    45 ||    99
  Block: Buckler           |     9 |     8 |    20 ||    37

Table legend: (Time is in decaauts)
 A = Elapsed time spent in this place.
 B = Non-inter-level travel time spent in this place.
 C = Inter-level travel time spent in this place.
 D = Time resting spent in this place.
 E = Time spent auto-exploring this place.
 F = Levels seen in this place.
 G = Mean time per level.
                   A        B        C        D        E       F      G
               +--------+--------+--------+--------+--------+-----+--------+
         Total |   5719 |   5001 |    718 |    493 |   3756 |   6 |  953.2 |
       Dungeon |   5719 |   5001 |    718 |    493 |   3756 |   6 |  953.2 |
               +--------+--------+--------+--------+--------+-----+--------+

Top non-repeatable levels by time:
     D:5: 1966 daAuts
     D:2: 936 daAuts
     D:3: 905 daAuts
     D:4: 832 daAuts
     D:1: 762 daAuts
     D:6: 316 daAuts
